 Dungeon Crawl Stone Soup version 0.16.2-3-ga078185 (webtiles) character file.

53 gorblad the Poker (level 3, -2/36 HPs)
             Began as a Troll Chaos Knight on Sept 8, 2015.
             Slain by Crazy Yiuf
             ... wielding a +4 quarterstaff of chaos
              (9 damage)
             ... on level 2 of the Dungeon.
             The game lasted 00:03:54 (1269 turns).

gorblad the Poker (Troll Chaos Knight)              Turns: 1269, Time: 00:03:55

Health: -2/36      AC:  7    Str: 21    XL:     3   Next: 62%
Magic:  2/2        EV:  9    Int:  8    God:    Xom [*.....]
Gold:   122        SH:  0    Dex: 11    Spells: 0 memorised, 2 levels left

rFire  x . .     SeeInvis +     a - +0 spear (chaos)
rCold  + . .     Clarity  +     b - +2 robe
rNeg   . . .     SustAb   .     (shield restricted)
rPois  .         Gourm    +     (helmet restricted)
rElec  .         Spirit   .     (no cloak)
rCorr  .         Warding  .     (gloves unavailable)
rMut   .         Stasis   .     (boots unavailable)
MR     .....                    (no amulet)
Stlth  +.........               (no ring)
                                q - ring of ice

@: lethally poisoned (-2 -> -2), drained, not resistant to hostile enchantments,
very unstealthy
A: unfitting armour, claws 3, see invisible, agile 1, clarity, fast metabolism
3, gourmand, regeneration 2, shaggy fur 1, tough skin 2, wild magic 1
a: Renounce Religion


You were on level 2 of the Dungeon.
You worshipped Xom.
You were a special plaything of Xom.
You were completely stuffed.

You visited 1 branch of the dungeon, and saw 2 of its levels.

You collected 122 gold pieces.

Inventory:

Hand weapons
 a - a +0 spear of chaos (weapon)
Armour
 b - a +2 robe (worn)
Jewellery
 q - a ring of ice (left claw)
Scrolls
 d - 2 scrolls of amnesia {unknown}
 e - 2 scrolls of identify {unknown}
 i - 2 scrolls of recharging {unknown}
 k - a scroll of random uselessness {unknown}
 l - a scroll of teleportation {unknown}
 m - a scroll of remove curse {unknown}
 o - a scroll of fog {unknown}
Potions
 f - a potion of haste {unknown}
 h - 2 potions of curing {unknown}
 n - a potion of cancellation {unknown}
Comestibles
 c - 2 meat rations
 g - 2 beef jerkies
 j - a bread ration
 p - 3 chunks of flesh


   Skills:
 + Level 2.9(2.6) Fighting
 + Level 3.1(2.8) Polearms
 + Level 1.9(1.6) Armour
 + Level 1.1(0.8) Dodging


You had 2 spell levels left.
You didn't know any spells.

Dungeon Overview and Level Annotations

Branches:
Dungeon (2/15)

Altars:
Xom

Annotations:
D:2 Crazy Yiuf


Innate Abilities, Weirdness & Mutations

You are too large for most types of armour.
You have claws for hands.
Your metabolism is lightning-fast.
You like to eat raw meat.
You heal very quickly.
You are covered in fur (AC +1).
You have very tough skin (AC +2).
You have supernaturally acute eyesight.
You are agile. (Dex +2)
You possess an exceptional clarity of mind.
Your spells are a little harder to cast, but a little more powerful.


Message History

Aim: Crazy Yiuf, wielding a quarterstaff of chaos and wearing a cloak (unusually agile)
You reach to attack!
You barely miss Crazy Yiuf. You closely miss Crazy Yiuf.
Crazy Yiuf hits you with a quarterstaff of chaos.
You are poisoned.
You hit Crazy Yiuf. You burn Crazy Yiuf.
Crazy Yiuf is moderately wounded.
You feel sick. Crazy Yiuf barely misses you.
You hit Crazy Yiuf but do no damage.
Crazy Yiuf is moderately wounded.
You feel sick.
Crazy Yiuf hits you with a quarterstaff of chaos!
You feel drained.
You hit Crazy Yiuf but do no damage.
Crazy Yiuf is moderately wounded.
Crazy Yiuf hits you with a quarterstaff of chaos!
* * * LOW HITPOINT WARNING * * *
Crazy Yiuf burns you!
You die...
Xom roars with laughter!

# ##########
#.........
#####
#.########
#).)# ##.##
# #)))#
##...## )))
#.#.#.####
#g#
##.......#
#@##
#..#...#.###
##)#
#..##..#.#..
#)##
##.......#.#
##)#
#........#(#
##)##
##.).......#
##..)#
#.<.....###
#....#
##.....##
#....#
#.#.###
##..##
#...>#


You could see Crazy Yiuf.

Vanquished Creatures
  2 adders (D:2)
  A giant gecko (D:2)
  3 bats
  4 goblins
  4 hobgoblins (D:2)
  4 jackals (D:2)
  2 quokkas (D:2)
  2 giant cockroaches (D:1)
  A giant newt (D:1)
  4 kobolds
  3 rats
30 creatures vanquished.

Notes
Turn   | Place    | Note
--------------------------------------------------------------
     0 | D:1      | gorblad, the Troll Chaos Knight, began the quest for the Orb.
     0 | D:1      | Reached XP level 1. HP: 22/22 MP: 1/1
     9 | D:1      | XOM: silly message
    63 | D:1      | XOM: divination: detect items
   176 | D:1      | XOM: harmless Pois miscast
   436 | D:1      | XOM: give mutations
   436 | D:1      | Gained mutation: Your spells are a little harder to cast, but a little more powerful. [Xom's grace]
   436 | D:1      | Gained mutation: You are agile. (Dex +2) [Xom's grace]
   436 | D:1      | Gained mutation: You have supernaturally acute eyesight. [Xom's grace]
   436 | D:1      | Gained mutation: You possess an exceptional clarity of mind. [Xom's grace]
   581 | D:2      | Reached XP level 2. HP: 29/29 MP: 1/1
   650 | D:2      | XOM: fog
   680 | D:2      | Reached skill level 1 in Dodging
   751 | D:2      | Reached skill level 3 in Polearms
   751 | D:2      | Reached XP level 3. HP: 36/36 MP: 2/2
   772 | D:2      | XOM: scenery: create altars
   834 | D:2      | XOM: noise
  1262 | D:2      | Noticed Crazy Yiuf
  1269 | D:2      | Slain by Crazy Yiuf

Action                   || total
-------------------------++-------
Melee: Spear             ||   121
 Stab: Confused          ||     1
  Eat: Chunk             ||    12
       Meat ration       ||     1
